 Dungeon Crawl Stone Soup version 0.27.0-1-g7a089689b8 (webtiles) character file.

Game seed: 4158426286078432674

39 freelancePsychic the Skirmisher (level 3, 0/33 HPs)
             Began as a Hill Orc Enchanter on Aug 5, 2021.
             Slain by an adder (1 damage)
             ... on level 2 of the Dungeon.
             The game lasted 00:02:07 (1841 turns).

freelancePsychic the Skirmisher (HOEn)              Turns: 1841, Time: 00:02:08

Health: 0/33       AC:  3    Str: 11    XL:     3   Next: 47%
Magic:  5/5        EV: 12    Int: 15    God:
Gold:   51         SH:  0    Dex: 11    Spells: 4/5 levels left

rFire    . . .     SeeInvis .   a - +1 dagger
rCold    . . .     Faith    .   (no shield)
rNeg     . . .     Spirit   .   b - +0 robe
rPois    .         Reflect  .   (no helmet)
rElec    .         Harm     .   (no cloak)
rCorr    .         Rampage  .   e - +0 pair of gloves
Will     .....                  (no boots)
Stlth    ++........             (no amulet)
HPRegen  0.11/turn              (no ring)
MPRegen  0.09/turn              (no ring)

@: mighty
A: no striking features
a: no special abilities


You were on level 2 of the Dungeon.
You visited 1 branch of the dungeon, and saw 2 of its levels.

You collected 51 gold pieces.

Inventory:

Hand Weapons
 a - a +1 dagger (weapon)
Armour
 b - a +0 robe (worn)
 e - a +0 pair of gloves (worn)
Jewellery
 g - a ring of fire
Scrolls
 c - 2 scrolls of identify {unknown}
 d - a scroll of enchant weapon {unknown}
 i - a scroll of teleportation {unknown}
 j - a scroll of noise {unknown}
Potions
 f - a potion of might
 h - a potion of mutation {unknown}


   Skills:
 + Level 3.7 Fighting
 - Level 1.0 Short Blades
 - Level 1.5 Dodging
 - Level 2.4 Stealth
 - Level 1.5 Spellcasting
 - Level 3.0 Hexes


You had 4 spell levels left.
You knew the following spells:

 Your Spells              Type           Power      Damage    Failure   Level
a - Corona                Hex            11%        N/A       7%          1

Your spell library contained the following spells:

 Spells                   Type           Power      Damage    Failure   Level
 Ensorcelled Hibernation  Hex/Ice        10%        N/A       19%         2
 Confusing Touch          Hex            10%        N/A       21%         3
 Tukima's Dance           Hex            10%        N/A       21%         3
 Dazzling Flash           Conj/Hex       10%        N/A       36%         3


Dungeon Overview and Level Annotations

Branches:
Dungeon (2/15)

Altars:


Message History

You are no longer poisoned.
The adder closely misses you. The adder bites you.
You closely miss the adder.
The adder is moderately wounded.
The adder barely misses you.
You closely miss the adder.
The adder is moderately wounded.
The adder bites you.
* * * LOW HITPOINT WARNING * * *
You closely miss the adder.
The adder is moderately wounded.
The adder closely misses you.
It was a potion of might.
You feel very mighty all of a sudden. The adder closely misses you.
The adder bites you.
* * * LOW HITPOINT WARNING * * *
You miss the adder.
The adder is moderately wounded.
The adder barely misses you.
You barely miss the adder.
The adder is moderately wounded.
The adder barely misses you.
You miss the adder.
The adder is moderately wounded.
The adder barely misses you.
You miss the adder.
The adder is moderately wounded.
The adder bites you but does no damage. The adder bites you.
* * * LOW HITPOINT WARNING * * *
You completely miss the adder.
The adder is moderately wounded.
The adder misses you.
You closely miss the adder.
The adder is moderately wounded.
The adder bites you.
* * * LOW HITPOINT WARNING * * *
You closely miss the adder.
The adder is moderately wounded.
The adder bites you.
You die...

# #.##########
#..........#
#.....####.#
#.###.# #.#
########.# #.#
#..S@....# #.#
#.###########.###
#. #.....# ..
#.##### #.S #.#
#(. #.# #.. #.#
K..### #.# #<#
#.#


You could see an adder.

Vanquished Creatures
  An adder (D:2)
  A worm (D:2)
  2 ball pythons
  4 bats (D:1)
  3 endoplasms (D:1)
  3 goblins (D:1)
  3 hobgoblins (D:1)
  3 quokkas
  A frilled lizard (D:1)
  A kobold (D:1)
  4 rats
26 creatures vanquished.

Notes
Turn   | Place    | Note
-------+----------+-------------------------------------------
     0 | D:1      | freelancePsychic the Hill Orc Enchanter began the quest for
                  | the Orb.
     0 | D:1      | Reached XP level 1. HP: 14/14 MP: 3/3
   120 | D:1      | Found a faded altar of an unknown god.
   137 | D:1      | Reached skill level 1 in Fighting
   396 | D:1      | Reached XP level 2. HP: 22/24 MP: 2/4
  1195 | D:1      | Reached XP level 3. HP: 31/31 MP: 3/5
  1840 | D:2      | HP: 1/33 [adder (3)]
  1841 | D:2      | Slain by an adder

Illustrated notes

Levels and vault maps discovered:
D:1:      dpeg_arrival_short_road, layout_loops_ring,
          ebering_ecumenical_altar_abandoned
D:2:      kennysheep_big_flooded_room, layout_basic, basic_altar,
          minmay_box_of_dots

Skill      XL: |  1  2 |
---------------+-------+-----
Fighting       | 2 3 |  3.7
Short Blades   | |  1.0
Dodging        | |  1.5
Stealth        | |  2.4
Spellcasting   | |  1.5
Hexes          | |  3.0

Action                   || total
-------------------------++-------
Melee: Dagger            ||   122
 Cast: Corona            ||    19
  Use: Potion            ||     1
 Stab: Sleeping          ||     1
Armor: Robe              ||    27
Dodge: Dodged            ||    79
